 Dungeon Crawl Stone Soup version 0.24.0-37-gcf1ca852f1 (webtiles) character file.

Game seed: 3841182683845938534, levelgen mode: deterministic

49 Descartes the Ducker (level 3, 0/17 HPs)
             Began as a Felid Monk on Dec 5, 2019.
             Succumbed to an adder's poison
             ... on level 2 of the Dungeon.
             The game lasted 00:03:09 (1484 turns).

Descartes the Ducker (Felid Monk)                   Turns: 1484, Time: 00:03:10

Health: 0/17       AC:  1    Str:  8    XL:     3   Next: 53%
Magic:  4/4        EV: 20    Int: 11    God:
Gold:   37         SH:  0    Dex: 18    Spells: 2/2 levels left
                                        Lives:  0   Deaths: 0

rFire    . . .     SeeInvis +     - Unarmed
rCold    . . .     Gourm    .   (shield unavailable)
rNeg     . . .     Faith    .   (armour unavailable)
rPois    .         Spirit   .   (helmet unavailable)
rElec    .         Reflect  .   (cloak unavailable)
rCorr    .         Harm     .   (gloves unavailable)
MR       .....                  (boots unavailable)
Stlth    +++.......             (no amulet)
HPRegen  0.05/turn              (no ring)
MPRegen  0.09/turn              (no ring)

@: lethally poisoned (0 -> -3), berserk cooldown, slowed, slow
A: very small, no armour, no weapons or thrown items, stealth, claws 1, fangs 3,
see invisible, carnivore, speed 1, shaggy fur 1, slow metabolism 1, sharp paws
a: no special abilities


You were on level 2 of the Dungeon.
You were very full.

You visited 1 branch of the dungeon, and saw 2 of its levels.

You collected 37 gold pieces.

Inventory:

Missiles
 c - 36 arrows
Jewellery
 d - an uncursed ring of wizardry
Scrolls
 e - a scroll of teleportation {unknown}
 f - a scroll of remove curse {unknown}
 g - a scroll of enchant armour {unknown}
Potions
 b - a potion of mutation {unknown}
 h - 2 potions of berserk rage
Comestibles
 a - 2 rations
 i - a chunk of flesh


   Skills:
 + Level 3.3 Fighting
 + Level 4.5 Dodging
 + Level 3.4 Stealth
 * Level 3.7 Unarmed Combat


You had 2 spell levels left.
You didn't know any spells.
Your spell library was empty.

Dungeon Overview and Level Annotations

Branches:
Dungeon (2/15)

Altars:


Innate Abilities, Weirdness & Mutations

You cannot wear armour.
You are incapable of wielding weapons or throwing items.
Your paws allow you to move quietly. (Stealth)
You have sharp claws.
You have razor-sharp teeth.
You have supernaturally acute eyesight. (SInv)
You are carnivorous and can eat meat at any time.
You cover ground quickly.
You are covered in fur. (AC +1)
You have a slow metabolism.
Your sharp claws are effective at attacking unaware monsters.


Message History

The adder is heavily wounded.
The adder completely misses you.
You claw the adder!
You kill the adder!
* * * LOW HITPOINT WARNING * * *
You feel sick.
It was a potion of berserk rage.
A red film seems to cover your vision as you go berserk!
You feel yourself moving faster!
You feel mighty!
You are too berserk!
You feel a strong urge to attack something.
* * * LOW HITPOINT WARNING * * *
You feel sick.
You feel your anger nearly subside.
You are no longer berserk.
You are exhausted.
You feel yourself slow down.
* * * LOW HITPOINT WARNING * * *
You feel sick.
You die...

###### #.##.#
################### ..##..
.......@..........#
#.##.#####################.#
#.##.#...............# #.#
#<##.#.#########.###.#####'####
#'##.#'#..........##.##.......#
.........######....#.##.......#
.....................#........#
.....................[........#
...#.......##.................#


There were no monsters in sight!

Vanquished Creatures
  An adder (D:2)
  A dart slug (D:1)
  A leopard gecko (D:1)
  A giant cockroach (D:1)
  3 hobgoblins (D:1)
  8 jackals (D:1)
  3 bats (D:1)
  A frilled lizard (D:1)
  3 goblins (D:1)
  5 kobolds (D:1)
  10 rats (D:1)
37 creatures vanquished.

Notes
Turn   | Place    | Note
-------+----------+-------------------------------------------
     0 | D:1      | Descartes the Felid Monk began the quest for the Orb.
     0 | D:1      | Reached XP level 1. HP: 10/10 MP: 2/2
    79 | D:1      | Reached XP level 2. HP: 4/14 MP: 3/3
   860 | D:1      | Reached XP level 3. HP: 14/17 MP: 4/4
  1484 | D:2      | Succumbed to an adder's poison

Levels and vault maps discovered:
D:1:      dpeg_arrival_ratfight, layout_basic, solitary_fountain,
          roderic_roman_lattice, minmay_tetromino_i2
D:2:      layout_basic, serial_park_tiny_2, nrook_mini_backslash

Skill      XL: |  1 |
---------------+----+-----
Stealth        | 3 |  3.4
Fighting       | |  3.3
Dodging        | |  4.5
Unarmed Combat | |  3.7

Action                   || total
-------------------------++-------
Melee: Unarmed           ||    99
       Bite              ||     6
  Use: Potion            ||     1
 Stab: Sleeping          ||     5
  Eat: Chunk             ||     8
Armor: Skin              ||     4
Dodge: Dodged            ||    82
